 Dungeon Crawl Stone Soup version 0.28.0 (webtiles) character file.

Game seed: 10363788197966350248

229746 magipi the Severer (level 18, 0/142 (147) HPs)
             Began as a Minotaur Brigand on Feb 10, 2022.
             Was the Champion of Ru.
             Succumbed to Aizul's bolt of poison
             ... on level 2 of the Snake Pit on Feb 14, 2022.
             The game lasted 03:04:52 (56713 turns).

magipi the Severer (Minotaur Brigand)              Turns: 56713, Time: 03:04:53

HP:   0/142 (147)   AC: 17    Str: 20    XL:     18   Next: 74%
MP:   17/17         EV: 13    Int: 13    God:    Ru [******]
Gold: 1110          SH: 19    Dex: 16    Spells: 17/17 levels left

rFire   + . .      SeeInvis +   a - +8 mithril axe "Arga" {speed, Will+}
rCold   + + +      Faith    .   x - +2 kite shield {reflect}
rNeg    . . .      Spirit   .   R - +3 chain mail of Eternal Vigilance {rF+ Str+2}
rPois   .          Reflect  +   T - +2 hat
rElec   +          Harm     .   P - +0 cloak
rCorr   .          Rampage  .   g - +1 pair of gloves
Will    +....                   V - +0 pair of boots {Stlth+}
Stlth   ..........              r - amulet of reflection
HPRegen 0.33/turn               v - +4 ring of evasion
MPRegen 0.15/turn               c - ring "Plog" {rElec rC+++ Will- Int+5 SInv}

@: lethally poisoned (0 -> -35), lightly drained
A: horns 2, weak 1, inability to train armour, no poison magic, no
translocations magic, no transmutations magic, disrupted magic 2, unskilled 2,
retaliatory headbutt
}: 1/15 runes: barnacled
a: Renounce Religion, Draw Out Power, Power Leap, Apocalypse


You were on level 2 of the Snake Pit.
You worshipped Ru.
Ru was exalted by your worship.
You visited 7 branches of the dungeon, and saw 34 of its levels.
You also visited: Gauntlet and Ice Cave.

You collected 3670 gold pieces.
You spent 2560 gold pieces at shops.

Inventory:

Hand Weapons
 a - the +8 mithril axe "Arga" (weapon) {speed, Will+}
   (You bought it in a shop on level 1 of the Shoals)

   Attacks with this weapon are significantly faster.
   Will:      It increases your willpower.
 b - a +2 dagger of electrocution
   (You took it off an orc wizard on level 6 of the Dungeon)
Missiles
 e - 8 curare-tipped darts
 h - 11 javelins
 G - 16 boomerangs (quivered)
 J - 2 silver boomerangs
 K - 8 throwing nets
 Q - 6 silver javelins
Armour
 g - a +1 pair of gloves (worn)
   (You found it on level 1 of the Dungeon)
 x - a +2 kite shield of reflection (worn)
   (You took it off a naga warrior on level 2 of the Snake Pit)
 P - a +0 cloak (worn)
 R - the +3 chain mail of Eternal Vigilance (worn) {rF+ Str+2}
   (You found it on level 3 of the Lair of Beasts)

   Str:       It affects your strength (+2).
   rF:        It protects you from fire.
 S - a +1 plate armour of cold resistance
   (You took it off an orc warrior on level 1 of the Orcish Mines)
 T - a +2 hat (worn)
   (You bought it in a shop on level 1 of the Orcish Mines)
 V - a +0 pair of boots of stealth (worn)
   (You found it on level 3 of the Shoals)
Jewellery
 c - the ring "Plog" (right hand) {rElec rC+++ Will- Int+5 SInv}
   (You bought it in a shop on level 13 of the Dungeon)

   [ring of see invisible]

   Int:       It affects your intelligence (+5).
   rC:        It renders you almost immune to cold.
   rElec:     It insulates you from electricity.
   SInv:      It lets you see invisible.
   Will:      It decreases your willpower.
 m - a ring of willpower
   (You found it on level 2 of the Lair of Beasts)
 o - a ring of resist corrosion
   (You found it on level 2 of the Elven Halls)
 p - a ring of poison resistance
   (You bought it in a shop on level 3 of the Elven Halls)
 r - an amulet of reflection (around neck)
   (You found it on level 3 of the Lair of Beasts)
 v - a +4 ring of evasion (left hand)
   (You found it on level 15 of the Dungeon)
Wands
 d - a wand of digging (21)
   (You took it off an orc wizard on level 9 of the Dungeon)
 j - a wand of acid (12)
   (You bought it in a shop on level 2 of the Elven Halls)
 z - a wand of charming (13)
   (You found it on level 4 of the Dungeon)
 E - a wand of paralysis (11)
   (You found it on level 5 of the Lair of Beasts)
 H - a wand of polymorph (31)
   (You found it on level 7 of the Dungeon)
 X - a wand of iceblast (10)
   (You took it off a naga on level 2 of the Orcish Mines)
Scrolls
 l - 4 scrolls of fog
 q - a scroll of enchant weapon
 u - 11 scrolls of fear
 w - 2 scrolls of summoning
 y - 5 scrolls of magic mapping
 I - 8 scrolls of noise
 N - a scroll of immolation
 U - 4 scrolls of holy word
 W - 3 scrolls of teleportation
 Y - a scroll of silence
Potions
 f - 6 potions of haste
 i - a potion of berserk rage
 k - 4 potions of heal wounds
 s - 7 potions of might
 A - 2 potions of resistance
 B - a potion of cancellation
 C - 7 potions of mutation
 D - 4 potions of ambrosia
 F - 3 potions of lignification
 L - 4 potions of flight
 O - 6 potions of curing
 Z - a potion of attraction
Miscellaneous
 t - a tin of tremorstones (2/2)
   (You found it on level 4 of the Shoals)
 M - a phial of floods
   (You found it on level 2 of the Lair of Beasts)


   Skills:
 - Level 10.0 Fighting
 - Level 7.5(10.0) Short Blades
 - Level 11.1(12.2) Long Blades
 - Level 18.0 Axes
 - Level 10.1 Throwing
 - Level 8.5 Dodging
 - Level 2.6 Stealth
 - Level 10.0 Shields
 + Level 11.8 Evocations


You had 17 spell levels left.
You didn't know any spells.
Your spell library contained the following spells:

 Spells                   Type           Power      Damage    Failure   Level
 Animate Skeleton         Necr           0%         N/A       100%        1
 Pain                     Necr           0%         1d4       100%        1
 Sandblast                Erth           0%         2d4       100%        1
 Slow                     Hex            0%         N/A       100%        1
 Corpse Rot               Necr/Air       0%         N/A       100%        2
 Scorch                   Fire           0%         2d5       100%        2
 Confusing Touch          Hex            0%         N/A       100%        3
 Dazzling Flash           Conj/Hex       0%         N/A       100%        3
 Stone Arrow              Conj/Erth      0%         3d7       100%        3
 Tukima's Dance           Hex            0%         N/A       100%        3
 Vampiric Draining        Necr           0%         2d6       100%        3
 Flame Wave               Conj/Fire      0%         2d4       100%        4
 Summon Ice Beast         Ice/Summ       0%         N/A       100%        4
 Agony                    Necr           0%         N/A       100%        5
 Excruciating Wounds      Necr           0%         N/A       100%        5
 Silence                  Hex/Air        0%         N/A       100%        5
 Summon Mana Viper        Hex/Summ       0%         N/A       100%        5
 Summon Cactus Giant      Summ           0%         N/A       100%        6
 Enfeeble                 Hex            0%         N/A       100%        7
 Monstrous Menagerie      Summ           0%         N/A       100%        7
 Passwall                 Tmut/Erth      Unusable   N/A       N/A         2
 Gell's Gravitas          Tloc           Unusable   N/A       N/A         3
 Lesser Beckoning         Tloc           Unusable   N/A       N/A         3
 Portal Projectile        Hex/Tloc       Unusable   N/A       N/A         3
 Teleport Other           Tloc           Unusable   N/A       N/A         3
 Passage of Golubria      Tloc           Unusable   N/A       N/A         4
 Blade Hands              Tmut           Unusable   N/A       N/A         5
 Yara's Violent Unravell  Hex/Tmut       Unusable   3d3       N/A         5

Dungeon Overview and Level Annotations

Branches:
Dungeon (15/15)            Temple (1/1) D:7            Lair (6/6) D:11
 Shoals (4/4) Lair:3        Snake (3/4) Lair:3        Slime (0/5) Lair:6
    Orc (2/2) D:11            Elf (3/3) Orc:2        Vaults (0/5) D:14
 Depths (0/4) D:15          IceCv (visited)         Gauntlet (visited)

Altars:
Ashenzari
Dithmenos
Elyvilon
Fedhas
Gozag
Kikubaaqudgha
Makhleb
Nemelex Xobeh
Okawaru
Qazlal
Ru
Sif Muna
Trog
Uskayaw
Vehumet
Wu Jian
Xom
Yredelemnul
Zin
The Shining One
Beogh
Jiyva

Shops:
D:7 (   D:13 =   Orc:1 *[   Orc:2 ![((*   Elf:2 (*   Elf:3 (=(   Shoals:1 *

Portals:
Hell: Lair:6
Trove: D:15 (give +5 fire dragon scales)

Annotations:
D:15 Roxanne
Lair:6 hell
Snake:2 Aizul
Elf:2 3 runed translucent doors


Innate Abilities, Weirdness & Mutations

You have a pair of horns on your head.
You are weak. (Str -2)
You cannot train Armour skill.
You cannot study or cast Poison magic.
You cannot study or cast Translocations magic.
You cannot study or cast Transmutations magic.
Your casting is disrupted.
You are unskilled. (-2 Apt)
You reflexively headbutt those who attack you in melee.


Message History

The anaconda is severely wounded.
The anaconda misses you. You furiously retaliate!
You headbutt the anaconda. You block the anaconda's attack.
You slash the anaconda!
The anaconda is almost dead.
The anaconda grabs you. You block the anaconda's attack.
The anaconda constricts you.
You miss the anaconda.
The anaconda is severely wounded.
You block the anaconda's attack. The anaconda constricts you.
You completely miss the anaconda. Your headbutt misses the anaconda.
The anaconda is severely wounded.
You block the anaconda's attack. The anaconda constricts you.
The anaconda closely misses you. You furiously retaliate!
You headbutt the anaconda! The anaconda constricts you.
You barely miss the anaconda.
The anaconda is almost dead.
The anaconda is stunned by your conviction and fails to attack.
The anaconda constricts you.
You slice the anaconda!!
You kill the anaconda!
You start resting.
A black mamba comes into view.
The black mamba hisses angrily.
Found a club.
You redirect the black mamba's attack!
The black mamba closely misses itself.
The black mamba bites you but does no damage.
You hit the black mamba.
The black mamba is lightly wounded.
The black mamba is stunned by your conviction and fails to attack.
You slice the black mamba!!
The black mamba is almost dead.
The black mamba bites you!
You hit the black mamba.
The black mamba is almost dead.
You block the black mamba's attack.
You hit the black mamba. Your headbutt misses the black mamba.
The black mamba is almost dead.
You block the black mamba's attack.
You completely miss the black mamba. Your headbutt misses the black mamba.
The black mamba is almost dead.
You block the black mamba's attack.
You hit the black mamba.
You kill the black mamba!
You start resting.
HP restored.
Found a club.
Found a robe.
You see here a +0 club.
Unknown command.
Found a robe.
Unknown command.
You see here a +0 robe.
Aizul and a nagaraja come into view.
Aizul shouts!
The nagaraja shouts!
The nagaraja spits poison at you.
Your +2 kite shield of reflection reflects the splash of poison!
The splash of poison hits the nagaraja.
Unknown command.
Aizul is nearby!
Aizul coils herself and waves her upper body at you.
The bolt of poison hits you!!
You are poisoned.
You redirect Aizul's attack!
Aizul coils herself and waves her upper body at the nagaraja.
The nagaraja resists with almost no effort.
You feel very sick. You block Aizul's attack.
The nagaraja begins to cast a spell, but is stunned by your conviction!
Unknown command.
Unknown command.
Unknown command.
You feel very sick. Aizul casts a spell at you. The bolt of poison misses you.
The nagaraja points at you and mumbles some strange words.
The bolt of poison hits you!!
You are more poisoned.
Aizul coils herself and waves her upper body at you.
The bolt of poison hits you!
You are more poisoned.
Unknown command.
You feel extremely sick.
You feel extremely sick. Aizul casts a spell at you.
The bolt of poison hits you.
You are lethally poisoned!
* * * LOW HITPOINT WARNING * * *
You feel extremely sick. Aizul hits you!
* * * LOW HITPOINT WARNING * * *
Unknown command.
Unknown command.
Blink to where?
Press: ? - help, Dir - move target
As you read the scroll of blinking, it crumbles to dust.
* * * LOW HITPOINT WARNING * * *
You feel extremely sick.
You die...

##.............
##............#
#.........N..#####
##..........###...#
###..........#N......
##..........[##.[.....
#..........####......#
...#.....#####.#....##
#.@.##...S§..#####
##..#####.....# ##..##
####### ##...# ##....#
#.....# ##....##
###.##.## ##..##### .


There were no monsters in sight!

Vanquished Creatures
  Saint Roka (Orc:2)
  Nikola (Snake:2)
  Rupert (Orc:2)
  Polyphemus (Shoals:2)
  Kirke (D:15)
  2 nagarajas
  A frost giant (Shoals:4)
  Louise (Snake:2)
  An orc warlord (D:11)
  Azrael (D:15)
  A dire elephant (Lair:6)
  2 merfolk javelineers
  A deep elf death mage (Elf:3)
  7 merfolk impalers
  A boulder beetle (D:12)
  10 hydras
  11 naga warriors
  2 catoblepae
  2 salamander tyrants
  6 merfolk avatars
  4 centaur warriors
  2 alligator snapping turtles
  3 merfolk aquamancers (Shoals:4)
  8 anacondas
  14 dancing weapons
  6 two-headed ogres
  A satyr (Shoals:2)
  4 death yaks
  4 orc high priests (Orc:2)
  A vampire mage (D:15)
  8 naga sharpshooters
  A sun demon (Lair:6)
  4 shock serpents
  8 deep elf knights
  3 salamander mystics
  2 skeletal warriors (D:15)
  19 sea snakes
  3 wizards
  14 deep elf archers
  4 naga ritualists
  17 deep elf pyromancers
  A sphinx zombie (D:15)
  17 deep elf zephyrmancers
  4 orc knights
  12 mana vipers
  12 harpies
  13 manticores
  13 ugly things
  5 fauns
  3 orc sorcerers
  A necromancer (D:15)
  8 merfolk sirens
  5 cyclopes
  A sphinx skeleton (D:15)
  10 salamanders
  2 guardian serpents (Snake:3)
  Maurice (D:10)
  5 water nymphs
  17 black mambas
  17 naga magi
  15 cane toads
  4 molten gargoyles (Elf:2)
  Joseph (D:10)
  Psyche (D:8)
  4 rime drakes
  2 orange demons (Lair:6)
  11 komodo dragons
  6 kobold demonologists
  A freezing wraith (D:15)
  4 ice devils (Lair:6)
  An efreet (D:15)
  A hellwing (Lair:6)
  12 trolls
  A queen bee (Lair:2)
  8 wind drakes
  A polar bear (shapeshifter) (Elf:1)
  24 merfolk
  A polar bear (Lair:4)
  6 slime creatures (D:14)
  7 blink frogs
  4 dream sheep (Shoals:3)
  9 snapping turtles
  A centaur simulacrum (D:15)
  A meliai zombie (D:10)
  A spriggan (Lair:6)
  2 wraiths
  8 wyverns
  A hog (D:15)
  57 yaks
  7 air elementals
  9 water elementals
  Grum (D:10)
  3 fire elementals (D:15)
  10 vampire mosquitoes
  The ghost of inmateoo the Ruffian, an amateur DrTm (D:4)
  A basilisk (shapeshifter) (Elf:1)
  Edmund (D:5)
  A steam dragon (D:9)
  23 nagas
  A human zombie (D:15)
  An acid dragon (D:13)
  15 water moccasins
  4 wargs
  6 hell hounds
  An ice beast (D:6)
  35 orc warriors
  A hornet zombie (D:8)
  An ogre (shapeshifter) (D:14)
  A sky beast (D:5)
  26 wolves
  7 ogres
  13 centaurs
  A phantom (D:5)
  7 kobold brigands
  10 bullfrogs
  2 earth elementals
  3 scorpions
  4 gnoll sergeants (D:11)
  A water moccasin skeleton (D:7)
  28 killer bees
  17 wights
  An electric eel (Lair:6)
  5 howler monkeys
  6 centaur zombies
  4 hounds
  Crazy Yiuf (D:5)
  A gnoll shaman (D:7)
  24 orc priests
  A bullfrog skeleton (D:6)
  2 centaur skeletons
  5 iguanas
  A scorpion zombie (D:5)
  Natasha (thrice) (D:2)
  20 orc wizards
  2 killer bee zombies
  A hound zombie (D:5)
  Robin (D:3)
  3 adders
  16 gnolls
  A howler monkey skeleton (D:5)
  A shadow imp (D:5)
  A white imp (D:3)
  An ufetubus (D:5)
  An adder zombie (D:5)
  2 worms (D:4)
  A dart slug (D:5)
  112 orcs
  3 bats
  An endoplasm (D:2)
  5 giant cockroaches
  15 goblins
  16 hobgoblins
  7 jackals
  4 quokkas (D:1)
  A ball python (D:3)
  3 frilled lizards
  8 kobolds
  4 rats (D:1)
  A tentacle (Shoals:1)
1053 creatures vanquished.

Vanquished Creatures (collateral kills)
  A merfolk impaler (Shoals:4)
  An orc sorcerer (Orc:2)
  A manticore (D:11)
  A water nymph (Shoals:4)
  A cane toad (Lair:1)
  Prince Ribbit (D:6)
  5 yaks
  2 vampire mosquitoes (D:11)
  A water moccasin (D:11)
  A howler monkey skeleton (D:6)
  An adder (D:6)
16 creatures vanquished.

Vanquished Creatures (others)
  A merfolk impaler (Shoals:3)
  A boulder beetle (D:15)
  An anaconda (Snake:3)
  A deep elf archer (Elf:3)
  2 orc knights (Orc:2)
  A deep elf pyromancer (Elf:3)
  A deep elf zephyrmancer (Elf:3)
  A stone giant zombie (D:15)
  A manticore (Shoals:3)
  2 black mambas
  A cane toad (Lair:2)
  A rime drake (Lair:6)
  A komodo dragon (Lair:3)
  A troll (D:11)
  A snapping turtle (Shoals:4)
  A water elemental (Shoals:2)
  A wyvern (D:11)
  A steam dragon (D:10)
  2 nagas
  A kobold brigand (D:9)
  An orc priest (Orc:2)
  2 orc wizards
  2 orcs (Orc:2)
  A bush (Lair:5)
  49 fungi
  129 plants
  22 tentacles (Shoals:1)
  7 withered plants (D:15)
236 creatures vanquished.

Grand Total: 1305 creatures vanquished

Notes
Turn   | Place    | Note
-------+----------+-------------------------------------------
     0 | D:1      | magipi the Minotaur Brigand began the quest for the Orb.
     0 | D:1      | Reached XP level 1. HP: 18/18 MP: 0/0
    53 | D:1      | Found a faded altar of an unknown god.
    65 | D:1      | Reached XP level 2. HP: 25/25 MP: 1/1
   540 | D:1      | Reached XP level 3. HP: 28/31 MP: 2/2
   652 | D:2      | Noticed Natasha
  1410 | D:3      | Identified the +1 helmet of Marbles {Dex+3}
  1410 | D:3      | Noticed Robin
  1435 | D:3      | Reached XP level 4. HP: 38/38 MP: 3/3
  1451 | D:3      | Killed Robin
  1961 | D:3      | Reached XP level 5. HP: 33/46 MP: 4/4
  2182 | D:3      | Reached skill level 5 in Throwing
  2283 | D:4      | Reached XP level 6. HP: 52/53 MP: 5/5
  2487 | D:4      | Reached skill level 5 in Fighting
  3137 | D:4      | Found a runed translucent door.
  3170 | D:4      | Noticed inmateoo's ghost (amateur DrTm)
  3203 | D:5      | Entered Level 5 of the Dungeon
  3305 | D:5      | Found a shimmering blue altar of Sif Muna.
  3312 | D:5      | Reached XP level 7. HP: 52/61 MP: 6/6
  3323 | D:5      | Got Sif Muna's Papyrus of Evil
  3625 | D:5      | Found a bloodstained altar of Trog.
  3997 | D:5      | Reached XP level 8. HP: 57/71 MP: 7/7
  4093 | D:5      | Found an opulent altar of Gozag.
  4130 | D:5      | Found a basalt altar of Yredelemnul.
  4202 | D:5      | Noticed Edmund
  4224 | D:5      | Killed Edmund
  4481 | D:5      | Found a runed translucent door.
  4482 | D:5      | Noticed Crazy Yiuf
  4578 | D:6      | Noticed Prince Ribbit
  4588 | D:6      | Killed Prince Ribbit
  5561 | D:6      | Reached XP level 9. HP: 18/82 MP: 8/8
  5962 | D:7      | Found a broken altar of Ashenzari.
  5980 | D:7      | Reached skill level 10 in Throwing
  6068 | D:7      | Found an iron altar of Okawaru.
  6568 | D:7      | Found a staircase to the Ecumenical Temple.
  6572 | D:7      | Found a flagged portal.
  6575 | Temple   | Entered the Ecumenical Temple
  6651 | Temple   | Became a worshipper of Ru the Awakened
  6811 | D:7      | Found Winafeq's Firing Range.
  6831 | D:7      | Bought 6 boomerangs for 45 gold pieces
  6831 | D:7      | Bought a throwing net for 45 gold pieces
  7073 | D:7      | Reached skill level 5 in Short Blades
  7206 | D:7      | Found a blossoming altar of Fedhas.
  7712 | D:8      | Noticed Psyche
  7733 | D:8      | Killed Psyche
  7734 | D:8      | Reached XP level 10. HP: 78/93 MP: 9/9
  7872 | D:8      | Reached skill level 10 in Fighting
  7874 | D:8      | Gained mutation: You are somewhat unskilled. (-1 Apt) [Ru
                  | sacrifice]
  7874 | D:8      | Reached * piety under Ru
  8019 | D:8      | Found a radiant altar of Vehumet.
  8050 | D:9      | Reached skill level 10 in Throwing
  8060 | D:9      | Noticed a two-headed ogre
  8078 | D:9      | Killed a two-headed ogre
  8528 | D:9      | Reached skill level 1 in Long Blades
  9073 | D:9      | Reached skill level 10 in Fighting
  9486 | D:9      | Found a burning altar of Makhleb.
 10115 | D:10     | Entered Level 10 of the Dungeon
 10150 | D:10     | Noticed Maurice
 10159 | D:10     | Noticed Joseph
 10169 | D:10     | Killed Maurice
 10170 | D:10     | Reached skill level 5 in Long Blades
 10176 | D:10     | Killed Joseph
 10177 | D:10     | Reached XP level 11. HP: 83/99 MP: 10/10
 10206 | D:10     | Noticed Grum
 10350 | D:10     | Found a stormy altar of Qazlal.
 10564 | D:11     | Found a staircase to the Lair.
 10631 | D:11     | Noticed a deep elf pyromancer
 10673 | D:11     | Noticed a two-headed ogre
 10685 | D:11     | Killed a two-headed ogre
 10697 | D:11     | Killed a deep elf pyromancer
 11262 | D:11     | Noticed a purple ugly thing
 11913 | D:10     | Killed Grum
 12134 | D:10     | Reached skill level 1 in Armour
 12146 | D:10     | Reached skill level 10 in Long Blades
 12518 | Lair:1   | Entered Level 1 of the Lair of Beasts
 13615 | Lair:1   | Identified the +2 robe of Uskayaw's Pride {Str+2}
 13663 | Lair:1   | Reached XP level 12. HP: 59/106 MP: 11/11
 14339 | Lair:1   | Noticed a seven-headed hydra
 14414 | Lair:1   | Killed a seven-headed hydra
 14415 | Lair:1   | Reached skill level 5 in Armour
 14670 | Lair:1   | Reached skill level 5 in Dodging
 15011 | Lair:1   | Gained mutation: You are unskilled. (-2 Apt) [Ru sacrifice]
 15011 | Lair:1   | Reduced skill Throwing to level 10
 15011 | Lair:1   | Reached ** piety under Ru
 15011 | Lair:1   | Reached *** piety under Ru
 15049 | Lair:2   | Reached skill level 5 in Armour
 15093 | Lair:2   | Reached skill level 5 in Dodging
 16478 | Lair:3   | Identified the amulet of False Pretenses {Faith Harm rC+}
 16536 | Lair:3   | Found a staircase to the Snake Pit.
 16767 | Lair:3   | Found a frozen archway.
 16973 | IceCv    | Entered an ice cave
 17200 | Lair:3   | Identified the +3 chain mail of Eternal Vigilance {rF+
                  | Str+2}
 17268 | Lair:3   | Found a staircase to the Shoals.
 17334 | Lair:3   | Reached skill level 10 in Fighting
 17709 | Lair:3   | Reached XP level 13. HP: 108/113 MP: 12/12
 17775 | Lair:4   | Gained mutation: Your casting is slightly disrupted. [Ru
                  | sacrifice]
 18237 | Lair:4   | Identified a scroll of acquirement
 18240 | Lair:4   | Acquired 677 gold pieces
 18911 | Lair:5   | Identified the +1 robe of Filth {rPois}
 19604 | Lair:6   | Entered Level 6 of the Lair of Beasts
 19604 | Lair:6   | Found a viscous altar of Jiyva.
 19605 | Lair:6   | Found a staircase to the Slime Pits.
 19762 | Lair:5   | Gained mutation: Your casting is disrupted. [Ru sacrifice]
 20118 | D:11     | Found a staircase to the Orcish Mines.
 21150 | Orc:1    | Entered Level 1 of the Orcish Mines
 21433 | Orc:2    | Entered Level 2 of the Orcish Mines
 21634 | Orc:2    | Noticed an orc warlord
 21884 | Orc:1    | Reached skill level 6 in Axes
 21884 | Orc:1    | Reached XP level 14. HP: 121/121 MP: 13/13
 22374 | D:11     | Killed an orc warlord
 22742 | Orc:2    | Reached skill level 1 in Evocations
 23060 | Orc:1    | Found Sum Wuag's Gadget Gallery.
 23145 | Orc:1    | Bought a wand of iceblast (3) for 119 gold pieces
 23165 | Orc:1    | Found Roury's Antique Armour Boutique.
 23286 | Orc:1    | Reached skill level 7 in Axes
 23643 | Orc:1    | Bought a runed hat for 182 gold pieces
 24367 | Orc:2    | Noticed Saint Roka
 25318 | Orc:2    | Found Mireges's Distillery.
 25318 | Orc:2    | Found Weapiydo's Antique Weapon Shop.
 25320 | Orc:2    | Found Asagoah's Weapon Shop.
 25320 | Orc:2    | Found Naumas's Armour Emporium.
 25343 | Orc:2    | Bought a potion of curing for 48 gold pieces
 25343 | Orc:2    | Bought a potion of haste for 160 gold pieces
 25343 | Orc:2    | Bought a potion of curing for 48 gold pieces
 25672 | D:12     | Reached skill level 8 in Axes
 25672 | D:12     | Reached XP level 15. HP: 126/126 MP: 14/14
 26817 | D:13     | Reached skill level 9 in Axes
 27481 | D:13     | Found Hunwapne's Jewellery Boutique.
 27843 | D:14     | Reached skill level 5 in Evocations
 27864 | D:14     | Found a gate to the Vaults.
 28281 | D:15     | Entered Level 15 of the Dungeon
 28289 | D:15     | Found a portal to a secret trove of treasure.
 28360 | D:15     | Found a gate leading to a gauntlet.
 28369 | Gauntlet | Entered a Gauntlet
 28369 | Gauntlet | Found a transporter.
 28375 | Gauntlet | Found a runed translucent door.
 28378 | Gauntlet | Found a transporter.
 28379 | Gauntlet | Found a transporter.
 28380 | Gauntlet | Found a transporter.
 28384 | Gauntlet | Found a runed translucent door.
 28386 | Gauntlet | Found a runed translucent door.
 28388 | Gauntlet | Found a transporter.
 28391 | Gauntlet | Found a transporter.
 28392 | Gauntlet | Found a transporter.
 28403 | Gauntlet | Found a transporter.
 28403 | Gauntlet | Found a transporter.
 28404 | Gauntlet | Found a transporter.
 28412 | Gauntlet | Found a transporter.
 28415 | Gauntlet | Found a transporter.
 28416 | Gauntlet | Found a transporter.
 28424 | Gauntlet | Found a transporter.
 28531 | D:15     | Reached skill level 10 in Axes
 28809 | D:15     | Identified the +1 robe "Lips" {Contam rC+ Dex+3}
 29343 | D:15     | Noticed Azrael
 29363 | D:15     | Killed Azrael
 29864 | D:15     | Noticed Roxanne
 30169 | D:15     | Found a staircase to the Depths.
 30256 | D:15     | Noticed Kirke
 30278 | D:15     | Killed Kirke
 30706 | D:15     | Gained mutation: You cannot train Armour skill. [Ru
                  | sacrifice]
 30706 | D:15     | Reached **** piety under Ru
 30706 | D:15     | Reached ***** piety under Ru
 30903 | Shoals:1 | Entered Level 1 of the Shoals
 30939 | Shoals:1 | Found Itosysmo's CLEARANCE SALE!.
 30959 | Shoals:1 | Bought a scroll of identify for 10 gold pieces
 30959 | Shoals:1 | Bought the +8 mithril axe "Arga" {speed, Will+} for 323
                  | gold pieces
 30959 | Shoals:1 | Found the +8 mithril axe "Arga" {speed, Will+}
 30994 | Shoals:1 | Reached skill level 11 in Axes
 31699 | Shoals:1 | Noticed a kraken
 32772 | Shoals:2 | Noticed Polyphemus
 32790 | Shoals:1 | Reached XP level 16. HP: 97/134 MP: 15/15
 32937 | Shoals:2 | Reached skill level 12 in Axes
 33421 | Shoals:2 | Killed Polyphemus
 35860 | Shoals:3 | Reached skill level 13 in Axes
 36177 | Shoals:3 | Gained mutation: You are weak. (Str -2) [Ru sacrifice]
 37603 | Shoals:4 | Entered Level 4 of the Shoals
 39906 | Shoals:4 | Reached skill level 14 in Axes
 40354 | Shoals:4 | Reached skill level 10 in Evocations
 40854 | D:13     | Bought the ring "Plog" {rElec rC+++ Will- Int+5 SInv} for
                  | 913 gold pieces
 41207 | Shoals:4 | Got a barnacled rune of Zot
 41804 | Shoals:4 | Identified the amulet of the Death Scarab {Acrobat Regen+
                  | Stlth+}
 42154 | Orc:2    | Killed Saint Roka
 42155 | Orc:2    | Reached skill level 15 in Axes
 42155 | Orc:2    | Reached XP level 17. HP: 59/128 MP: 8/16
 42156 | Orc:2    | Noticed Rupert
 42478 | Orc:2    | Killed Rupert
 42642 | Orc:2    | Noticed Sonja
 42646 | Orc:2    | Noticed Sonja
 42646 | Orc:2    | Sonja changed into Sonja the naga
 42653 | Orc:2    | Killed Sonja the naga
 42785 | Orc:2    | Found Furchol's General Store.
 42828 | Orc:2    | Bought a scroll of blinking for 112 gold pieces
 43076 | Orc:2    | Found a staircase to the Elven Halls.
 43085 | Elf:1    | Entered Level 1 of the Elven Halls
 43908 | Elf:1    | Paralysed by an air elemental for 1 turns
 43933 | Elf:1    | Reached skill level 16 in Axes
 43948 | Elf:1    | Paralysed by an air elemental for 1 turns
 43968 | Elf:1    | Paralysed by an air elemental for 1 turns
 44749 | Elf:2    | Reached skill level 1 in Shields
 44759 | Elf:2    | Gained mutation: You cannot study or cast Poison magic. [Ru
                  | sacrifice]
 44759 | Elf:2    | Gained mutation: You cannot study or cast Transmutations
                  | magic. [Ru sacrifice]
 44759 | Elf:2    | Gained mutation: You cannot study or cast Translocations
                  | magic. [Ru sacrifice]
 44759 | Elf:2    | Reached ****** piety under Ru
 45121 | Elf:2    | Paralysed by an air elemental for 1 turns
 45207 | Elf:2    | Found Suir's General Store.
 45425 | Elf:2    | Bought a wand of acid (5) for 180 gold pieces
 45425 | Elf:2    | Bought 3 boomerangs for 15 gold pieces
 45425 | Elf:2    | Bought a potion of magic for 80 gold pieces
 45836 | Elf:2    | Paralysed by an air elemental for 1 turns
 46345 | Elf:2    | Found Punkenli's Antique Weapon Boutique.
 46399 | Elf:2    | Found a runed translucent gate.
 46400 | Elf:2    | Found a runed translucent gate.
 46400 | Elf:2    | Found a runed translucent gate.
 46429 | Elf:3    | Entered Level 3 of the Elven Halls
 46567 | Elf:3    | Found Fouvenui's Antique Weapon Boutique.
 46571 | Elf:3    | Found Ejeovvimu's Jewellery Shop.
 46575 | Elf:3    | Found Foup Ipn's Antique Weapon Boutique.
 46599 | Elf:3    | Bought a ring of poison resistance for 280 gold pieces
 46790 | Elf:3    | Reached skill level 5 in Shields
 46912 | Elf:3    | Reached skill level 17 in Axes
 47542 | Elf:3    | Found an ancient bone altar of Kikubaaqudgha.
 47836 | D:10     | Found a white marble altar of Elyvilon.
 48037 | D:4      | Killed inmateoo's ghost
 48166 | D:5      | Killed Crazy Yiuf
 48296 | D:2      | Killed Natasha
 48772 | D:2      | Noticed Natasha
 48775 | D:2      | Killed Natasha
 49168 | D:2      | Noticed Natasha
 49174 | D:2      | Killed Natasha
 50256 | Lair:6   | Found a burning altar of Makhleb.
 50593 | Lair:6   | Found a gateway to Hell.
 51383 | Snake:1  | Entered Level 1 of the Snake Pit
 51658 | Snake:1  | Reached XP level 18. HP: 140/143 MP: 17/17
 52740 | Snake:1  | Reached skill level 18 in Axes
 52793 | Snake:2  | You fall into a shaft and drop 1 floor!
 55011 | Snake:3  | Reached skill level 10 in Shields
 55659 | Snake:2  | Noticed Louise
 55676 | Snake:2  | Noticed Nikola
 55679 | Snake:2  | Killed Louise
 55707 | Snake:2  | Killed Nikola
 56700 | Snake:2  | Noticed Aizul
 56713 | Snake:2  | Succumbed to Aizul's bolt of poison

Illustrated notes

Levels and vault maps discovered:
D:1:      tarquinn_simple_flora_water_b, layout_loops_ring,
          hellmonk_ecumenical_altar_lost_god
D:2:      layout_loops_ring, uniq_natasha
D:3:      minmay_goblin_kobold_castle, layout_basic, st_stairs_10,
          cheibrodos_gnoll_hut, uniq_robin
D:4:      layout_loops_ring, ebering_ghost_inner_flame, kennysheep_flooded_box
D:5:      layout_basic, nzn_overflow_gifts_of_might_and_magic,
          grunt_gozag_breadcrumbs, mainiacjoe_overflow_concentric_impassable,
          nicolae_figureground_pulse, uniq_crazy_yiuf_cottage, uniq_edmund
D:6:      layout_cave_pools, uniq_prince_ribbit1
D:7:      layout_basic, minitemple, fedhas_bush_and_centaur_altar,
          minmay_temple_entry_trees, enter_bailey_2, amethyst_killhole,
          kennysheep_nub, skrybe_limestone_x, nicolae_shop_firing_range
D:8:      layout_rooms, nicolae_vehumet_altar_sigil,
          amethyst_overflow_temple_binary, chequers_avenue, uniq_psyche
D:9:      layout_roguey, mainiacjoe_overflow_alcove_1
D:10:     layout_rooms, nicolae_elyvilon_peaceful_grove, grunt_qazlal_clouds,
          chequers_serial_rivers_room_a, uniq_joseph, uniq_maurice, uniq_grum
D:11:     layout_loops_ring, minmay_lair_entry_grove,
          kennysheep_orc_monster_closet_entryway, special_room
          [special_room_orc], hangedman_decor_clover_reticule
D:12:     layout_loops_ring
D:13:     layout_irregular_city, serial_shops, shop
D:14:     layout_cave_pools, david_vaults_1
D:15:     gammafunk_depths_entry_grave, layout_cave_pods,
          nicolae_trove_entry_free_sample, minmay_misc_feat_room,
          gauntlet_entry_generic, uniq_azrael, uniq_roxanne, uniq_kirke
Temple:   nicolae_temple_figure_zero
Lair:1:   layout_cave_pods
Lair:2:   layout_cellular_growth, special_room [special_room_bee],
          grunt_megastairs_1
Lair:3:   layout_roguey, minmay_shoals_entry_beasts, dummy_snake_entry,
          special_room, portal_ice_cave_rime
Lair:4:   layout_gridlike, grunt_megastairs_3
Lair:5:   layout_small_grid
Lair:6:   evil_forest, layout_cave_pods, slime_altar_1,
          grunt_forest_large_clearing_hut, serial_bayou_shore_a
Shoals:1: layout_shoals, nicolae_shop_clearance
Shoals:2: layout_shoals, uniq_polyphemus
Shoals:3: layout_shoals
Shoals:4: shoals_end_grunt_ice, layout_shoals
Snake:1:  hangedman_cross_stitches, layout_onion, nicolae_snake_double_loop
Snake:2:  layout_onion_interference, basic_altar, grunt_ministairs_8,
          uniq_nikola, uniq_louise, uniq_aizul
Snake:3:  layout_cave_town
Orc:1:    layout_caves, serial_shops, nicolae_shop_overgrown_old_shop,
          nicolae_orc_rockfall, nicolae_shop_gadgets
Orc:2:    grunt_orc_tribal_feast, layout_caves, serial_shops,
          nicolae_lakefront_shop, bh_open_orc_temple, uniq_sonja, uniq_rupert,
          uniq_saint_roka
Elf:1:    minmay_elf_arrival_plus, layout_gridlike, minivault_28
Elf:2:    nicolae_elf_blades_crystal_corner, layout_geoelf_octagon,
          serial_shops, shop, shop, hex_large, minivault_8
Elf:3:    elf_hall, layout_geoelf_grid, basic_altar, minmay_shop_star

Skill      XL: |  1  2  3  4  5  6  7  8  9 10 11 12 13 14 15 16 17 18 |
---------------+-------------------------------------------------------+-----
Fighting       | 3 4 5 6 8 9 10 10 | 10.0
Throwing       | 3 4 5 6 7 9 10 11 10 | 10.1
Short Blades   | 7 7 6 7 |  7.5
Stealth        | 2 |  2.6
Long Blades    | 5 10 11 | 11.1
Armour         | 3 7 9 0 |  0.0
Dodging        | 3 6 8 |  8.5
Axes           | 6 8 11 15 17 18 | 18.0
Evocations     | 3 7 10 11 | 11.8
Shields        | 7 10 | 10.0

Action                   |  1- 3 |  4- 6 |  7- 9 | 10-12 | 13-15 | 16-18 || total
-------------------------+-------+-------+-------+-------+-------+-------++-------
Melee: Dagger            |    58 |       |   231 |   818 |   836 |    23 ||  1966
       Headbutt          |    10 |    23 |    71 |   206 |   374 |   432 ||  1116
       Punch             |     2 |     1 |     7 |    15 |    34 |     8 ||    67
       Short sword       |    48 |   130 |    20 |       |       |       ||   198
       Long sword        |       |       |   113 |       |       |       ||   113
       War axe           |       |       |       |       |   427 |       ||   427
       Broad axe         |       |       |       |       |   139 |  1485 ||  1624
       Unarmed           |       |       |       |       |     3 |       ||     3
Throw: Dart              |     7 |    18 |    43 |   109 |    50 |       ||   227
       Javelin           |       |       |       |     8 |    12 |    11 ||    31
       Boomerang         |       |       |       |       |   151 |   298 ||   449
       Throwing net      |       |       |       |       |     3 |       ||     3
Invok: Sacrifice Skill   |       |       |       |     2 |       |       ||     2
       Sacrifice Essence |       |       |       |       |     2 |       ||     2
       Reject Sacrifices |       |       |       |       |     1 |       ||     1
       Sacrifice Durabil |       |       |       |       |     1 |       ||     1
       Apocalypse        |       |       |       |       |       |    12 ||    12
       Draw Out Power    |       |       |       |       |       |     1 ||     1
       Sacrifice Purity  |       |       |       |       |       |     1 ||     1
       Sacrifice Arcana  |       |       |       |       |       |     1 ||     1
Evoke: Wand              |       |       |       |    29 |    22 |    29 ||    80
       Phial of floods   |       |       |       |       |     1 |     2 ||     3
       Tin of tremorston |       |       |       |       |       |     2 ||     2
  Use: Scroll            |       |     7 |     6 |     6 |    10 |     5 ||    34
       Potion            |       |       |     5 |     5 |     3 |    10 ||    23
 Stab: Sleeping          |     8 |     3 |     1 |     4 |       |       ||    16
       Distracted        |       |       |       |     2 |     3 |     4 ||     9
       Invisible         |       |       |       |     1 |     9 |    24 ||    34
       Paralysed         |       |       |       |       |     2 |    20 ||    22
       Petrified         |       |       |       |       |       |     9 ||     9
Armor: Robe              |    13 |       |       |       |       |       ||    13
       Ring mail         |    22 |    56 |    67 |   207 |       |       ||   352
       Chain mail        |       |       |   127 |    23 |   475 |   314 ||   939
Dodge: Dodged            |    44 |    57 |   159 |   287 |   525 |   390 ||  1462
Block: Other             |       |       |       |     8 |   224 |    80 ||   312
       Reflection        |       |       |       |       |    10 |    52 ||    62
       Kite shield       |       |       |       |       |       |   386 ||   386
